 Dungeon Crawl Stone Soup version 0.24-a0-317-g5cb8de4b22 (webtiles) character file.

Game seed: 5148179272460369081

121 GordonOverkill the Firebug (level 4, -3/30 HPs)
             Began as a Mummy Fire Elementalist on May 16, 2019.
             Killed by divine providence
             ... invoked by an orc priest
              (11 damage)
             ... on level 3 of the Dungeon.
             The game lasted 00:07:25 (2850 turns).

GordonOverkill the Firebug (MuFE)                   Turns: 2850, Time: 00:07:25

Health: -3/30      AC:  3    Str: 11    XL:     4   Next: 76%
Magic:  0/8        EV: 12    Int: 15    God:
Gold:   198        SH:  0    Dex: 12    Spells: 3/9 levels left

rFire    x . .     SeeInvis .   d - +0 dagger
rCold    + . .     Gourm    .   (no shield)
rNeg     + + +     Faith    .   a - +0 robe
rPois    ∞         Spirit   .   (no helmet)
rElec    .         Reflect  .   (no cloak)
rCorr    .         Harm     .   g - +0 pair of gloves
MR       .....                  (no boots)
Stlth    ++........             (no amulet)
HPRegen  0.10/turn              i - ring of wizardry
MPRegen  0.11/turn              (no ring)

@: no status effects
A: no food or potions, fire vulnerability, cold resistance 1, negative energy
resistance 3, torment resistance, unbreathing
a: no special abilities


You were on level 3 of the Dungeon.
You were not hungry.

You visited 1 branch of the dungeon, and saw 4 of its levels.

You collected 198 gold pieces.

Inventory:

Hand Weapons
 d - a +0 dagger (weapon)
 o - a +0 spear
Missiles
 b - 94 stones
 f - 5 javelins (quivered)
Armour
 a - a +0 robe (worn)
 g - a +0 pair of gloves (worn)
Jewellery
 i - a ring of wizardry (left hand)
 l - an uncursed ring of ice {unknown}
Scrolls
 c - 2 scrolls of teleportation
 e - a scroll of enchant armour {unknown}
 h - 3 scrolls of remove curse
 j - a scroll of random uselessness {unknown}
 k - 2 scrolls of magic mapping {unknown}
 m - a scroll of blinking {unknown}
 n - a scroll of fog {unknown}


   Skills:
 - Level 1.5 Dodging
 - Level 1.5 Stealth
 - Level 3.0 Spellcasting
 - Level 1.0 Conjurations
 * Level 4.4 Fire Magic


You had 3 spell levels left.
You knew the following spells:

 Your Spells              Type           Power        Failure   Level  Hunger
a - Flame Tongue          Conj/Fire      ##...        2%          1    N/A
b - Throw Flame           Conj/Fire      ##....       4%          2    N/A
c - Conjure Flame         Conj/Fire      ##......     9%          3    N/A

Your spell library contained the following spells:

 Spells                   Type           Power        Failure   Level  Hunger
 Inner Flame              Hex/Fire       #.......     10%         3    N/A
 Sticky Flame             Conj/Fire      ##......     26%         4    N/A
 Fireball                 Conj/Fire      ##........   56%         5    N/A

Dungeon Overview and Level Annotations

Branches:
Dungeon (4/15)
 Temple: D:4-7

Altars:


Innate Abilities, Weirdness & Mutations

You do not eat or drink.
Your flesh is vulnerable to fire.
You are immune to poison.
Your flesh is cold resistant. (rC+)
You are immune to negative energy. (rN+++)
You are immune to unholy pain and torment.
You can survive without breathing.


Message History

Casting: Flame Tongue (safe; 2% risk of failure)
Confirm with . or Enter, or press ? or * to list all spells.
You don't have enough magic to cast that spell.
Casting: Flame Tongue (safe; 2% risk of failure)
Confirm with . or Enter, or press ? or * to list all spells.
You don't have enough magic to cast that spell.
Casting: Flame Tongue (safe; 2% risk of failure)
Confirm with . or Enter, or press ? or * to list all spells.
You don't have enough magic to cast that spell.
Casting: Flame Tongue (safe; 2% risk of failure)
Confirm with . or Enter, or press ? or * to list all spells.
You don't have enough magic to cast that spell.
Throwing (i - inventory. (/) - cycle)
f - 6 javelins (quivered)
Press: ? - help, Shift-Dir - straight line, f/p - orc priest
Aim: an orc priest, wielding a +0 trident and wearing a +0 ring mail (almost dead)
You throw a javelin.
The javelin completely misses the orc priest.
The orc priest mumbles some strange prayers to Beogh against you.
Beogh smites you!
You die...

#####). #..... #...#.#
#####. ##########.###o#
#..... ###........#.# #o#
####.. .......#.#.#.#
#o## #.. .##..#.#.....#
#$. #.. #.....##.### #.#
#†. .###.#..##.# #.# #..
...........#####@# #..
#######.##.....#.#+##.###
####..
#.##.....#...).....
#.....
#.##.....#.#+##.###
#..... #.##.....#.#
#.)... ####.##.....#.#
####..
#....######.#.####.# #..
#.#### #.......... #..
#.# ############# #..


You could see an orc priest and 2 orcs.

Vanquished Creatures
  Natasha (D:2)
  3 adders (D:2)
  2 dart slugs
  A leopard gecko (D:3)
  2 orcs
  A giant cockroach (D:1)
  11 goblins
  5 hobgoblins
  5 jackals
  4 kobolds
  3 quokkas
  5 bats
  8 frilled lizards
  13 rats
64 creatures vanquished.

Notes
Turn   | Place    | Note
-------+----------+-------------------------------------------
     0 | D:1      | GordonOverkill the Mummy Fire Elementalist began the quest
                  | for the Orb.
     0 | D:1      | Reached XP level 1. HP: 13/13 MP: 4/4
   213 | D:1      | Reached skill level 1 in Conjurations
   251 | D:1      | Reached XP level 2. HP: 19/19 MP: 2/5
   473 | D:1      | Reached skill level 3 in Fire Magic
   585 | D:1      | Learned a level 2 spell: Throw Flame
  1032 | D:2      | Reached XP level 3. HP: 24/24 MP: 7/7
  1057 | D:2      | Learned a level 3 spell: Conjure Flame
  1198 | D:2      | You fall through a shaft for 2 floors!
  1674 | D:2      | Reached skill level 4 in Fire Magic
  1674 | D:2      | Reached XP level 4. HP: 23/30 MP: 2/8
  2153 | D:2      | Noticed Natasha
  2156 | D:2      | Killed Natasha
  2850 | D:3      | Killed from afar by an orc priest

Levels and vault maps discovered:
D:1:      minmay_arrival_diagonal_passages, layout_basic, minmay_bisected
D:2:      layout_loops_corners, first_ration, item_on_display_a, uniq_natasha
D:3:      minmay_door_path, layout_loops_cross
D:4:      layout_basic

Skill      XL: |  1  2  3 |
---------------+----------+-----
Conjurations   | 1 |  1.0
Spellcasting   | 3 |  3.0
Fire Magic     | 3 4 |  4.4
Dodging        | |  1.5
Stealth        | |  1.5

Action                   |  1- 3 |  4- 6 || total
-------------------------+-------+-------++-------
Melee: Dagger            |    11 |    17 ||    28
Throw: Stone             |    21 |       ||    21
       Javelin           |    20 |     3 ||    23
 Cast: Flame Tongue      |    45 |    20 ||    65
       Throw Flame       |     1 |    19 ||    20
  Use: Scroll            |       |     4 ||     4
Armor: Robe              |     8 |     5 ||    13
Dodge: Dodged            |    25 |    15 ||    40

Table legend:
 A = Non-vault XP
 B = Vault XP
 C = Vault XP percentage of total XP
 D = Non-vault monster count
 E = Vault monster count
 F = Vault count percentage of total count
                 A         B        C        D         E       F
            +---------+---------+-------+---------+---------+-------
      Total |     133 |      40 |  23.1 |      59 |       5 |   7.8
            +---------+---------+-------+---------+---------+-------
        D:1 |      27 |       5 |  15.6 |      15 |       4 |  21.1
        D:2 |      81 |      35 |  30.2 |      28 |       1 |   3.4
        D:3 |      25 |       0 |   0.0 |      16 |       0 |   0.0
            +---------+---------+-------+---------+---------+-------
